 Dungeon Crawl Stone Soup version 0.31.0-4-g52a2dc7128 (webtiles) character file.

Game seed: 1501800001623728613

2055226 case the Conqueror (level 26, 268/268 HPs)
             Began as a Minotaur Berserker on Jan 21, 2024.
             Was an Elder of Trog.
             Escaped with the Orb
             ... and 3 runes!
             The game lasted 02:37:37 (46662 turns).

case the Conqueror (Minotaur Berserker)            Turns: 46662, Time: 02:37:38

Health: 268/268    AC: 33    Str: 31    XL:     26   Next: 18%
Magic:  22/22      EV: 20    Int:  4    God:    Trog [****..]
Gold:   3418       SH: 34    Dex: 19    Spells: 25/25 levels left

rFire   + + .        T - +7 broad axe "Poahaxau" {spect, rElec Will++ Str+3 Stlth-}
rCold   + + .        e - +7 tower shield {rF+}
rNeg    + + +        R - +0 gold dragon scales
rPois   +            (helmet restricted)
rElec   +            U - scarf of the Fisher {shadows, Harm rN+ rCorr Slay+2}
rCorr   +            D - +2 pair of gloves {Str+3}
SInv    .            v - +2 pair of boots {rampage}
Will    ++++.        P - amulet of Woetsaon {Spirit Harm rElec rN++ Will+} Stlth
                     N - ring of protection from cold
HPRegen 0.64/turn    Y - ring of the Octopus King {rCorr HP+2 AC+2 EV+2 SH+2}
MPRegen 0.18/turn

%: random rage (3%), harm (+45% outgoing, +30% incoming), guardian spirit,
rampage
@: hasted, very quick
A: horns 2, retaliatory headbutt, talons 1, iridescent scales 1, agile 2,
berserk 1, deformed body, deterioration 1, screaming 1, weak 2, inability to
drink after injury 1, MP-powered wands
0: Orb of Zot
}: 3/15 runes: decaying, serpentine, silver
a: Renounce Religion, Berserk, Trog's Hand, Brothers in Arms


You escaped.
You worshipped Trog.
Trog was greatly pleased with you.
You visited 9 branches of the dungeon, and saw 47 of its levels.
You visited 1 bazaar.
You also visited: Trove, Bailey and Gauntlet.

You collected 7766 gold pieces.
You spent 4348 gold pieces at shops.

Inventory:

Hand Weapons
 T - the +7 broad axe "Poahaxau" (weapon) {spect, rElec Will++ Str+3 Stlth-}
   (You bought it in a shop on level 1 of the Snake Pit)

   Str+3:     It affects your strength (+3).
   rElec:     It insulates you from electricity.
   Will++:    It greatly increases your willpower.
   Stlth-:    It makes you less stealthy.
Missiles
 w - 13 throwing nets (quivered)
Armour
 e - a +7 tower shield of fire resistance (worn)
 m - a +3 plate armour of poison resistance
 q - the +7 chain mail "Xoedd" {*Slow rN++ Dex+2}
   (You found it on level 3 of the Elven Halls)

   Dex+2:     It affects your dexterity (+2).
   rN++:      It greatly protects you from negative energy.
   *Slow:     It may slow you when you take damage.
 v - a +2 pair of boots of rampaging (worn)
 D - a +2 pair of gloves of strength (worn)
 E - a scarf of repulsion
 F - the +15 Maxwell's patent armour {-Cast -Tele rElec Will+ rCorr}
   (You found it on level 5 of the Vaults)

   rElec:     It insulates you from electricity.
   Will+:     It increases your willpower.
   -Cast:     It prevents spellcasting.
   -Tele:     It prevents most forms of teleportation.
   rCorr:     It protects you from acid and corrosion.
 R - +0 gold dragon scales (worn)
 U - the scarf of the Fisher (worn) {shadows, Harm rN+ rCorr Slay+2}
   (You acquired it on level 3 of the Realm of Zot)

   Slay+2:    It affects your accuracy & damage with ranged weapons and melee
   (+2).
   rN+:       It protects you from negative energy.
   rCorr:     It protects you from acid and corrosion.
   Harm:      It increases damage dealt and taken.
Jewellery
 d - an amulet of guardian spirit
 r - a +5 ring of evasion
 t - a ring of willpower
 J - the amulet of Wypragec {Faith +Inv rElec Regen+}
   (You found it on level 3 of the Elven Halls)

   [amulet of faith]

   Faith:     It allows you to gain divine favour quickly.
   rElec:     It insulates you from electricity.
   +Inv:      It lets you turn invisible.
   Regen+:    It increases your rate of health regeneration.
 K - the ring "Ilor" {rF+ Dex+6}
   (You took it off a spriggan defender on level 2 of the Depths)

   [ring of dexterity]

   Dex+6:     It affects your dexterity (+6).
   rF+:       It protects you from fire.
 M - a +4 ring of protection
 N - a ring of protection from cold (left hand)
 O - a ring of protection from fire
 P - the amulet of Woetsaon (around neck) {Spirit Harm rElec rN++ Will+}
   (You took it off an ironbound preserver on level 3 of the Vaults)

   [amulet of guardian spirit]

   Spirit:    It causes incoming damage to be divided between your reserves of
   health and magic.
   rElec:     It insulates you from electricity.
   rN++:      It greatly protects you from negative energy.
   Will+:     It increases your willpower.
   Harm:      It increases damage dealt and taken.
 Y - a ring of the Octopus King (right hand) {rCorr HP+2 AC+2 EV+2 SH+2}
   (You bought it in a shop on level 2 of the Snake Pit)

   [ring of resist corrosion]

   AC+2:      It affects your AC (+2).
   EV+2:      It affects your evasion (+2).
   HP+2:      It affects your health (+2).
   rCorr:     It protects you from acid and corrosion.
   SH+2:      It affects your SH (+2).
Wands
 y - a wand of digging (8)
 H - a wand of mindburst (25)
 I - a wand of paralysis (3)
 Q - a wand of quicksilver (4)
Scrolls
 b - 4 scrolls of poison
 f - 8 scrolls of fear
 h - a scroll of blinking
 i - a scroll of revelation
 l - 25 scrolls of teleportation
 n - 2 scrolls of silence
 p - 10 scrolls of vulnerability
 s - 9 scrolls of immolation
 x - 2 scrolls of fog
 V - a scroll of torment
 W - a scroll of brand weapon
 X - 19 scrolls of identify
 Z - 5 scrolls of summoning
Potions
 c - 14 potions of heal wounds
 g - 4 potions of invisibility
 j - a potion of cancellation
 k - 16 potions of lignification
 o - 7 potions of resistance
 u - 7 potions of enlightenment
 z - 13 potions of curing
 B - 9 potions of attraction
 C - 9 potions of might
 G - 2 potions of berserk rage
 L - 5 potions of magic
 S - 4 potions of ambrosia


   Skills:
 O Level 27 Fighting
 O Level 27 Axes
 - Level 11.4(20.8) Maces & Flails
 O Level 27 Armour
 * Level 18.4 Dodging
 + Level 25.7 Shields
 - Level 8.0 Evocations


You had 25 spell levels left.
You didn't know any spells.
Your spell library was empty.

Dungeon Overview and Level Annotations

Branches:
Dungeon (15/15)            Temple (0/1) D:5            Lair (5/5) D:11
  Swamp (4/4) Lair:2        Snake (4/4) Lair:2        Slime (0/5) Lair:5
    Orc (2/2) D:12            Elf (3/3) Orc:2        Vaults (5/5) D:14
  Crypt (0/3) Vaults:3     Depths (4/4) D:15            Zot (5/5) Depths:4
 Bailey (visited)         Gauntlet (visited)

Altars:
Ashenzari
Dithmenos
Elyvilon
Fedhas
Gozag
Makhleb
Nemelex Xobeh
Okawaru
Qazlal
Sif Muna
Vehumet
Xom
Zin
The Shining One
Jiyva

Shops:
D:1 *   D:6 :   D:9 *   D:10 ?(   Orc:2 ((*:[   Elf:1 **!   Elf:2 [   Elf:3 !
Snake:1 (:*[   Snake:2 :=:   Snake:3 (   Vaults:1 ?   Vaults:4 (   Depths:2 !

Portals:
Hell: Depths:1 Depths:2 Depths:3 Depths:4
Abyss: Depths:3
Pandemonium: Depths:2
Ziggurat: Depths:1

Annotations:
Vaults:1 3 runed translucent doors, exclusion: obsidian statue, unrecovered's ghost, adept BaSh
Zot:1 2 transporters, SnakkuSnakku7's ghost, adept DsAl


Innate Abilities, Weirdness & Mutations

You have a pair of horns on your head.
You reflexively headbutt those who attack you in melee.
You have sharp toenails.
You are partially covered in iridescent scales. (AC +2)
You are very agile. (Dex +8, Str/Int -2)
You sometimes lose your temper in combat.
Armour fits poorly on your strangely shaped body.
Your body sometimes deteriorates upon taking damage.
You occasionally shout uncontrollably at your foes.
You are very weak. (Str -4)
You occasionally lose the ability to drink potions when taking damage.
You expend magic power (3 MP) to strengthen your wands.


Message History

The blizzard demon shouts!
The blizzard demon gestures at you. The bolt of lightning misses you.
There is a stone staircase leading up here.
The blizzard demon waves its arms in wide circles.
The air twists around and strikes you.
You climb upwards.
There is a stone staircase leading down here.
Aiming: Dig
Press: ? - help, Shift-Dir - straight line A rock wall.
This square is covered in magical glow.
You feel a surge of power!
The rock shatters into small pieces.
Aiming: Dig
Press: ? - help, Shift-Dir - straight line A rock wall.
This square is covered in magical glow.
You feel a surge of power!
The rock shatters into small pieces.
There is a stone staircase leading up here.
You climb upwards.
There is a stone staircase leading down here.
There is an open door here.
Your skin crawls.
You feel strong-willed.
Your extra speed is starting to run out.
You feel yourself slow down.
You feel the effects of Trog's Hand fading.
Your skin stops crawling.
You feel less strong-willed.
There is a stone staircase leading up here.
You climb upwards.
There is a stone staircase leading down here.
There is a stone staircase leading up here.
You climb upwards.
There is a stone staircase leading down here.
You feel yourself speed up.
You see here a +0 short sword.
There is an open door here.
There is a staircase leading out of the dungeon here.
You can't go down here!
You have escaped!

### #.# ##.....###.....†.##
##.######.......######..##
#######......#.........####...##
.)...........#########.+.......#
#######...#.###############...##
# ##.##.##♣..#⌠.⌠## ##..# #
#.##.+....#...## ##.# #
###.##.##P..#..♣## #.# #
#...##.'...@#>._♣ #.# #
#.#.##.##P..#..♣## #.#
#.#....+....#...## #.#
#.####.##♣..#⌠.⌠## #.#
#.####.############ #.#
#....#..#########.######.#
####.#..# #.## ##..)†...# #.####
##.###.######## #.########..#.##


There were no monsters in sight!

Vanquished Creatures
  A dread lich (Zot:5)
  Frederick (Depths:3)
  An ancient lich (Zot:5)
  12 orbs of fire
  A juggernaut (Depths:3)
  A shard shrike (Zot:1)
  Boris (5 times) (Vaults:1 Vaults:3 Vaults:4 Depths:1 Depths:3)
  Vv (Zot:2)
  3 Killer Klowns (Zot:5)
  the Lernaean hydra (Swamp:4)
  2 curse toes
  Norris (Depths:1)
  13 golden dragons
  A bone dragon (Depths:2)
  6 electric golems
  Jorgrun (D:12)
  17 tentacled monstrosities
  A Hell Sentinel (D:9)
  3 deep elf blademasters
  2 walking divine tomes
  2 walking earthen tomes (Depths:3)
  4 liches
  A walking frostbound tome (Depths:3)
  3 sphinxes
  2 deep elf master archers (Elf:3)
  13 quicksilver dragons
  27 Orb Guardians
  3 titans
  7 death cobs
  A thorn hunter (Swamp:1)
  17 shadow dragons
  Agnes (Elf:2)
  10 tengu reavers
  5 storm dragons
  8 fire giants
  3 nagarajas
  The ghost of Shen the Executioner, a journeyman MiFi of Gozag (Swamp:2)
  3 draconian knights
  A fenstrider witch (Swamp:4)
  8 draconian monks
  8 draconian scorchers
  2 protean progenitors (Zot:5)
  15 vault wardens
  3 iron dragons
  6 deep elf sorcerers
  5 deep elf elementalists (Elf:3)
  7 frost giants
  8 draconian shifters
  A ghost moth (Zot:5)
  9 draconian annihilators
  4 spectral caustic shrikes (Depths:4)
  2 orc warlords
  19 ironbound preservers
  3 draconian stormcallers
  3 spriggan defenders
  6 ironbound thunderhulks
  3 vampire knights
  The ghost of experimilk the Brawler, a journeyman TrGl of Hepliaklqana (Lair:4)
  7 deep elf demonologists (Elf:3)
  23 very ugly things
  12 stone giants
  6 deep elf annihilators (Elf:3)
  14 black draconians
  5 eleionomae
  6 green draconians
  11 deep elf death magi
  16 white draconians
  3 war gargoyles
  3 bunyips
  2 dire elephants
  12 purple draconians
  A minotaur (Gauntlet)
  17 red draconians
  8 yellow draconians
  7 spark wasps
  11 ettins
  2 eidola (Vaults:3)
  Fannar (D:12)
  4 deep elf high priests
  The ghost of Bobbunny the Fighter, a journeyman MiFi of Trog (Lair:4)
  6 fire dragons
  7 great orbs of eyes
  19 yaktaur captains
  5 salamander tyrants
  A peacekeeper (Vaults:3)
  35 vault guards
  A hell beast (Depths:2)
  3 rakshasas
  4 ghost crabs
  6 spriggan air magi
  4 ogre magi
  16 hydras
  6 centaur warriors
  8 ice dragons
  8 ironbound frosthearts
  12 anacondas
  2 catoblepae
  7 two-headed ogres
  4 boulder beetles
  10 deep troll shamans
  A death yak (Zot:5)
  24 dancing weapons
  4 death knights
  11 naga warriors
  7 alligators
  13 deep troll earth magi
  3 tengu warriors
  Urug (D:13)
  23 naga sharpshooters
  9 shock serpents
  An occultist (D:15)
  A soul eater (Depths:2)
  13 deep elf knights
  A storm dragon zombie (Depths:3)
  4 orc high priests
  5 spriggan berserkers
  A skyshark (shapeshifter) (Vaults:5)
  6 hell knights
  5 skysharks
  9 iron trolls
  3 skeletal warriors (D:13)
  12 salamander mystics
  5 goliath frogs
  A sixfirhy (Depths:2)
  A spark wasp zombie (Depths:3)
  3 death drakes (Depths:4)
  75 deep trolls
  14 mana vipers
  A swamp dragon (shapeshifter) (Vaults:5)
  An orange crystal statue (D:9)
  3 spriggan druids
  8 swamp dragons
  2 flayed ghosts
  An obsidian statue (Zot:5)
  6 naga ritualists
  8 arcanists
  11 bog bodies
  2 shadow demons (Depths:2)
  14 ironbound convokers
  10 lindwurms
  12 orc knights
  3 harpies (Vaults:4)
  12 deep elf archers
  7 necromancers
  24 deep elf pyromancers
  16 deep elf zephyrmancers
  2 phantasmal warriors (Vaults:5)
  4 manticores
  40 ugly things
  A will-o-the-wisp (Swamp:4)
  29 moths of wrath
  6 orc sorcerers
  A manticore (shapeshifter) (Vaults:5)
  3 cyclopes (D:14)
  A human zombie (Vaults:4)
  Maurice (D:12)
  A black mamba (shapeshifter) (D:14)
  A frost giant zombie (Depths:3)
  A shining eye (shapeshifter) (Vaults:5)
  A frost giant skeleton (Depths:3)
  20 salamanders
  45 black mambas
  A glowing shapeshifter (Depths:1)
  8 guardian serpents (Snake:4)
  14 naga magi
  2 water nymphs (Swamp:4)
  An eye of devastation (shapeshifter) (Vaults:5)
  25 elephants
  5 kobold blastminers
  13 vault sentinels
  A titan simulacrum (Vaults:4)
  An unseen horror (D:10)
  A torpor snail (Lair:3)
  A komodo dragon (shapeshifter) (Elf:1)
  7 komodo dragons
  12 cane toads
  2 freezing wraiths
  2 rime drakes
  A hellion (Depths:1)
  2 tengu conjurers
  An efreet (Depths:1)
  53 yaktaurs
  2 elf skeletons
  Psyche (D:11)
  2 bloated husks
  5 trolls
  11 hornets
  2 glass eyes
  8 tyrant leeches
  5 polar bears (Lair:5)
  A polar bear (shapeshifter) (Vaults:1)
  15 blink frogs
  3 dream sheep (Lair:5)
  Grinder (D:4)
  2 shadows
  33 slime creatures
  A frost giant simulacrum (Vaults:2)
  A centaur simulacrum (Gauntlet)
  22 spriggans
  3 air elementals
  A wraith (D:14)
  5 wyverns
  A wyvern (shapeshifter) (Elf:3)
  7 water elementals
  22 yaks
  4 fire elementals
  7 basilisks
  2 steam dragons (D:9)
  2 redback simulacra
  3 wargs
  17 vampire mosquitoes
  36 nagas
  2 acid dragons
  3 hydra simulacra
  14 swamp worms
  9 water moccasins
  A glowing shapeshifter zombie (Vaults:2)
  Duvessa (D:6)
  An ice beast (D:3)
  8 swamp drakes
  26 orc warriors
  5 black bears
  A sky beast (D:6)
  11 ogres
  6 boggarts
  A human skeleton (Vaults:4)
  2 laughing skulls (D:15)
  22 centaurs
  30 wolves
  2 phantoms
  2 kobold brigands
  6 bullfrogs
  4 scorpions
  3 earth elementals
  7 gnoll sergeants
  4 wights (D:9)
  Dowan (D:6)
  2 water moccasin skeletons (D:5)
  6 killer bees (D:9)
  7 howler monkeys
  3 electric eels
  6 bullfrog zombies (D:5)
  A centaur zombie (D:5)
  9 hounds
  4 jellies
  3 gnoll boudas (D:10)
  14 orc priests
  3 iguanas
  Jessica (D:3)
  A bullfrog skeleton (D:5)
  4 hell rats (Lair:4)
  2 scorpion zombies (D:5)
  3 sleepcaps
  Ijyb (D:4)
  24 orc wizards
  2 hound zombies (D:5)
  2 hound skeletons (D:5)
  A howler monkey zombie (D:5)
  53 gnolls
  7 adders
  3 shadow imps
  2 white imps
  2 ufetubi (D:5)
  2 dart slugs
  2 ribbon worms
  75 orcs
  6 endoplasms
  9 giant cockroaches
  8 goblins
  3 hobgoblins
  10 jackals
  6 quokkas
  7 ball pythons
  8 bats
  5 frilled lizards
  15 kobolds
  8 rats
  2 aspiring fleshes (Zot:5)
2071 creatures vanquished.

Vanquished Creatures (collateral kills)
  Vashnia (Snake:2)
  A deep elf blademaster (Elf:3)
  A tengu reaver (Depths:3)
  2 draconian monks (Depths:4)
  2 deep elf death magi (Elf:3)
  A deep elf high priest (Elf:3)
  A naga sharpshooter (Snake:2)
  A shock serpent (Snake:4)
  A bog body (Swamp:4)
  3 black mambas (Snake:2)
  A tengu conjurer (Depths:4)
  A troll (D:12)
  2 yaks (D:8)
  An orc warrior (D:12)
19 creatures vanquished.

Vanquished Creatures (others)
  An eldritch tentacle (Zot:3)
  A yellow draconian (Zot:2)
  A purple draconian (Depths:4)
  A hydra (Swamp:2)
  An iron troll (Depths:3)
  An ugly thing (D:15)
  4 bloated husks
  2 foxfires (Swamp:4)
  89 spectral weapons
101 creatures vanquished.

Grand Total: 2191 creatures vanquished

Notes
Turn   | Place    | Note
-------+----------+-------------------------------------------
     0 | D:1      | case the Minotaur Berserker began the quest for the Orb.
     0 | D:1      | Reached XP level 1. HP: 19/19 MP: 0/0
   194 | D:1      | Reached XP level 2. HP: 10/27 MP: 1/1
   343 | D:1      | Found Ecoephuelo's Assorted Antiques.
   617 | D:1      | Reached XP level 3. HP: 30/33 MP: 2/2
   758 | D:1      | Reached ** piety under Trog
   983 | D:2      | Reached skill level 5 in Axes
  1648 | D:3      | Reached XP level 4. HP: 40/40 MP: 3/3
  1658 | D:3      | Noticed an ice beast
  1697 | D:3      | Killed an ice beast
  1698 | D:3      | Reached XP level 5. HP: 47/47 MP: 4/4
  1731 | D:3      | Noticed Jessica
  1738 | D:3      | Killed Jessica
  2125 | D:3      | Reached *** piety under Trog
  2204 | D:4      | Noticed a phantom
  2212 | D:4      | Killed a phantom
  2213 | D:4      | Reached XP level 6. HP: 55/55 MP: 5/5
  2215 | D:4      | Noticed Grinder
  2225 | D:4      | Killed Grinder
  2226 | D:4      | Reached skill level 5 in Fighting
  2358 | D:4      | Noticed Ijyb
  2370 | D:4      | Killed Ijyb
  2486 | D:4      | Reached XP level 7. HP: 49/61 MP: 6/6
  2594 | D:4      | Found a stormy altar of Qazlal.
  3365 | D:5      | Entered Level 5 of the Dungeon
  3420 | D:5      | Reached skill level 10 in Axes
  3436 | D:5      | Identified the +0 robe "Bivas" {-Tele Str-5 Dex+8 SInv}
  3547 | D:5      | Reached XP level 8. HP: 62/70 MP: 7/7
  3558 | D:5      | Reached **** piety under Trog
  3663 | D:5      | Found a staircase to the Ecumenical Temple.
  4131 | D:5      | Found an opulent altar of Gozag.
  4393 | D:6      | Reached XP level 9. HP: 68/79 MP: 8/8
  4438 | D:6      | Found Izaownuo's Book Boutique.
  4500 | D:6      | Noticed Duvessa
  4500 | D:6      | Noticed Dowan
  4516 | D:6      | Killed Duvessa
  4523 | D:6      | Killed Dowan
  5861 | D:7      | Found a broken altar of Ashenzari.
  6456 | D:8      | Found a glowing golden altar of the Shining One.
  6588 | D:8      | Reached skill level 10 in Fighting
  6596 | D:8      | Reached ***** piety under Trog
  6615 | D:8      | Found a shadowy altar of Dithmenos.
  6918 | D:8      | Reached XP level 10. HP: 56/93 MP: 9/9
  7281 | D:9      | Noticed an orange crystal statue
  7383 | D:9      | Reached skill level 15 in Axes
  7406 | D:9      | You fall into a shaft and drop 2 floors!
  7448 | D:11     | Noticed a boulder beetle
  7464 | D:11     | Killed a boulder beetle
  7484 | D:11     | Found a gate leading to a gauntlet.
  7493 | Gauntlet | Entered a Gauntlet
  7493 | Gauntlet | Found a transporter.
  7495 | Gauntlet | Found a runed translucent door.
  7496 | Gauntlet | Found a transporter.
  7497 | Gauntlet | Found a transporter.
  7498 | Gauntlet | Found a transporter.
  7501 | Gauntlet | Found a transporter.
  7502 | Gauntlet | Found a transporter.
  7503 | Gauntlet | Found a runed translucent door.
  7507 | Gauntlet | Noticed an orange crystal statue
  7508 | Gauntlet | Noticed a ghost crab
  7509 | Gauntlet | Noticed a glowing orange brain
  7511 | Gauntlet | Found a transporter.
  7511 | Gauntlet | Noticed a glowing orange brain
  7512 | Gauntlet | Noticed a purple ugly thing
  7518 | Gauntlet | Found a transporter.
  7535 | Gauntlet | Noticed a torpor snail
  7539 | Gauntlet | Found a transporter.
  7540 | Gauntlet | Noticed an eight-headed hydra
  7543 | Gauntlet | Found a transporter.
  7547 | Gauntlet | Found a transporter.
  7547 | Gauntlet | Noticed an arcanist
  7553 | Gauntlet | Noticed an occultist
  7555 | Gauntlet | Found a transporter.
  7588 | Gauntlet | Identified the +0 cloak of the Poles {Fly Str-4 Int+3}
  7606 | Gauntlet | Killed a ghost crab
  7611 | Gauntlet | Identified the ring of Xom's Sleight of Hands {Fly rElec
                  | rPois Int-2}
  7633 | Gauntlet | Noticed a minotaur
  7641 | Gauntlet | Killed a minotaur
  7720 | D:11     | Noticed Psyche
  7781 | D:11     | Killed Psyche
  7869 | D:11     | Reached XP level 11. HP: 98/101 MP: 10/10
  7888 | D:11     | Reached skill level 1 in Maces & Flails
  7920 | D:11     | Found a staircase to the Lair.
  8351 | D:10     | Entered Level 10 of the Dungeon
  8381 | D:10     | Reached skill level 1 in Shields
  8445 | D:10     | Reached skill level 5 in Maces & Flails
  8706 | D:10     | Found a flagged portal.
  8723 | Bailey   | Entered a bailey
  8774 | Bailey   | Identified the +7 dire flail of the Neverending Spines
                  | {heavy, rPois rC+ rCorr Dex-2} (Trog gifted it to you in a
                  | bailey)
  8774 | Bailey   | Received a gift from Trog
  9066 | D:10     | Found a radiant altar of Vehumet.
  9200 | D:10     | Found Diguor's Weapon Boutique.
  9220 | D:10     | Found a shimmering altar of Xom.
  9241 | D:10     | Found Naugg's Magic Scroll Boutique.
  9244 | D:10     | Bought a scroll of enchant armour for 97 gold pieces
  9244 | D:10     | Bought a scroll of enchant weapon for 97 gold pieces
  9260 | D:10     | Noticed a two-headed ogre
  9265 | D:10     | Killed a two-headed ogre
  9381 | D:10     | Found a blossoming altar of Fedhas.
  9384 | D:10     | Found an iron altar of Okawaru.
  9388 | D:10     | Found a burning altar of Makhleb.
  9605 | D:9      | Found a sparkling altar of Nemelex Xobeh.
  9728 | D:9      | Found Nimolu Heuff's Fire Supplies.
 10174 | Lair:1   | Entered Level 1 of the Lair of Beasts
 10625 | Lair:1   | Reached XP level 12. HP: 93/110 MP: 11/11
 11280 | Lair:2   | Reached skill level 5 in Shields
 11318 | Lair:2   | Found a staircase to the Snake Pit.
 11329 | Lair:2   | Reached skill level 5 in Dodging
 11461 | Lair:2   | Noticed a catoblepas
 11472 | Lair:2   | Killed a catoblepas
 11679 | Lair:2   | Found a staircase to the Swamp.
 11773 | Lair:2   | Identified the +5 sling of Famine {drain, ^Drain rPois
                  | Will++ rCorr}
 12696 | Lair:4   | Noticed a six-headed hydra
 12706 | Lair:4   | Killed a six-headed hydra
 12707 | Lair:4   | Reached XP level 13. HP: 70/119 MP: 12/12
 12739 | Lair:4   | Received a gift from Trog
 12953 | Lair:4   | Identified the +5 falchion of Autumn {drain, Int+5}
 13440 | Lair:4   | Found a runed translucent gate.
 13440 | Lair:4   | Found a runed translucent gate.
 13441 | Lair:4   | Found a runed translucent gate.
 13442 | Lair:4   | Noticed Bobbunny's ghost (journeyman MiFi)
 13442 | Lair:4   | Noticed experimilk's ghost (journeyman TrGl)
 13682 | Lair:4   | Killed experimilk's ghost
 13689 | Lair:4   | Killed Bobbunny's ghost
 13729 | Lair:5   | Entered Level 5 of the Lair of Beasts
 14210 | Lair:5   | Identified the +0 war axe of Indomitability {holy, *Slow
                  | rCorr Int+8 Stlth+}
 14238 | Lair:5   | Reached skill level 5 in Armour
 14238 | Lair:5   | Reached skill level 10 in Dodging
 14301 | Lair:5   | Reached skill level 10 in Maces & Flails
 14373 | Lair:5   | Received a gift from Trog
 14493 | Lair:5   | Reached XP level 14. HP: 122/132 MP: 13/13
 14787 | Lair:5   | Found a viscous altar of Jiyva.
 14787 | Lair:5   | Found a staircase to the Slime Pits.
 15264 | D:12     | Noticed Fannar
 15273 | D:12     | Killed Fannar
 15778 | D:12     | Noticed Jorgrun
 15787 | D:12     | Killed Jorgrun
 15811 | D:12     | Found a staircase to the Orcish Mines.
 15864 | Orc:1    | Entered Level 1 of the Orcish Mines
 15872 | Orc:1    | Paralysed by an orc sorcerer for 3 turns
 16162 | Orc:2    | Entered Level 2 of the Orcish Mines
 16167 | Orc:2    | Found Narha's Weapon Shop.
 16251 | Orc:2    | Found an iron altar of Okawaru.
 16256 | Orc:2    | Noticed an orc warlord
 16323 | Orc:1    | Killed an orc warlord
 16525 | Orc:2    | Paralysed by an orc sorcerer for 5 turns
 16570 | Orc:1    | Received a gift from Trog
 16646 | Orc:2    | Found a staircase to the Elven Halls.
 16728 | Orc:2    | Reached skill level 15 in Fighting
 17061 | Orc:2    | Found Cienkaeh's Armour Boutique.
 17061 | Orc:2    | Found Manaph's Antique Weapon Boutique.
 17062 | Orc:2    | Found Patahih's Book Shoppe.
 17062 | Orc:2    | Found Joefosunn's Assorted Antiques.
 17114 | Orc:2    | Bought a +2 plate armour of poison resistance for 481 gold
                  | pieces
 17282 | Swamp:1  | Entered Level 1 of the Swamp
 17322 | Swamp:1  | Reached skill level 10 in Shields
 17467 | Swamp:1  | Noticed a thorn hunter
 17482 | Swamp:1  | Killed a thorn hunter
 17915 | Swamp:2  | Reached skill level 10 in Armour
 17915 | Swamp:2  | Reached XP level 15. HP: 108/141 MP: 14/14
 18201 | Swamp:2  | Reached ****** piety under Trog
 18201 | Swamp:2  | Received a gift from Trog
 18279 | Swamp:2  | Identified the +5 hand axe of Honour {drain, rF++ Will-}
 18289 | Swamp:2  | Found a runed translucent door.
 18307 | Swamp:2  | Noticed Shen's ghost (journeyman MiFi)
 18495 | Swamp:2  | Identified the +2 robe of Chimes {Int+3}
 18658 | Swamp:2  | Killed Shen's ghost
 19321 | Swamp:4  | Entered Level 4 of the Swamp
 19753 | Swamp:4  | Noticed the 27-headed Lernaean hydra
 19762 | Swamp:4  | Killed the 27-headed Lernaean hydra
 19814 | Swamp:4  | Got a decaying rune of Zot
 20052 | Swamp:4  | Reached XP level 16. HP: 157/157 MP: 15/15
 20303 | Swamp:4  | Paralysed by a fenstrider witch for 2 turns
 20328 | Swamp:4  | Received a gift from Trog
 20665 | Snake:1  | Entered Level 1 of the Snake Pit
 20665 | Snake:1  | Found Oluhoem's General Store.
 20686 | Snake:1  | Bought a scroll of blinking for 135 gold pieces
 20716 | Snake:1  | Found Noplat's Armour Shop.
 21187 | Snake:1  | Found Kodghom's Weapon Boutique.
 21220 | Snake:1  | Bought the +7 broad axe "Poahaxau" {spect, rElec Will++
                  | Str+3 Stlth-} for 1012 gold pieces
 21553 | Snake:1  | Found Itamy's Book Shoppe.
 21831 | Snake:2  | Noticed Vashnia
 22033 | Snake:2  | Received a gift from Trog
 22157 | Snake:2  | Killed Vashnia
 22357 | Snake:2  | Found Neafum's Book Boutique.
 22359 | Snake:2  | Found Tennit's Jewellery Shoppe.
 22359 | Snake:2  | Found Muedghan's Book Boutique.
 22372 | Snake:2  | Bought a ring of the Octopus King {rCorr HP+2 AC+2 EV+2
                  | SH+2} for 733 gold pieces
 22372 | Snake:2  | Found the ring of the Octopus King {rCorr HP+2 AC+2 EV+2
                  | SH+2}
 22699 | Snake:2  | Found a runed translucent gate.
 22699 | Snake:2  | Found a runed translucent gate.
 22699 | Snake:2  | Found a runed translucent gate.
 22897 | Snake:3  | Reached XP level 17. HP: 167/176 MP: 16/16
 23424 | Snake:3  | Found Qucuix's Antique Weapon Shop.
 23724 | Snake:4  | Entered Level 4 of the Snake Pit
 23732 | Snake:4  | Received a gift from Trog
 24369 | Snake:4  | Received a gift from Trog
 24378 | Snake:4  | Got a serpentine rune of Zot
 25268 | D:13     | Reached XP level 18. HP: 184/192 MP: 17/17
 25380 | D:13     | Identified a scroll of acquirement
 25454 | D:13     | Noticed Urug
 25459 | D:13     | Killed Urug
 25932 | D:14     | Found a gate to the Vaults.
 25989 | D:14     | Received a gift from Trog
 26651 | D:15     | Entered Level 15 of the Dungeon
 26704 | D:15     | Found a staircase to the Depths.
 26711 | D:15     | Reached skill level 15 in Dodging
 26831 | D:15     | Acquired 778 gold pieces
 27509 | Elf:1    | Entered Level 1 of the Elven Halls
 27528 | Elf:1    | Found a radiant altar of Vehumet.
 27634 | Elf:1    | Received a gift from Trog
 27634 | Elf:1    | Found the +8 mithril axe "Arga" {speed, Will+}
 28076 | Elf:1    | Found Ryicoic's Distillery.
 28105 | Elf:1    | Bought a potion of heal wounds for 90 gold pieces
 28105 | Elf:1    | Bought a potion of heal wounds for 90 gold pieces
 28105 | Elf:1    | Bought a potion of resistance for 180 gold pieces
 28143 | Elf:1    | Found Pen Nugybu's General Store.
 28146 | Elf:1    | Found Deafullo's Specific Store.
 28300 | Elf:2    | Found Voclyosut's Armour Emporium.
 28369 | Elf:2    | Received a gift from Trog
 28606 | Elf:2    | Found a huge runed translucent gate.
 28606 | Elf:2    | Found a huge runed translucent gate.
 28606 | Elf:2    | Found a huge runed translucent gate.
 28612 | Elf:2    | Found a huge runed translucent gate.
 28612 | Elf:2    | Found a huge runed translucent gate.
 28785 | Elf:2    | Noticed Agnes
 28791 | Elf:2    | Killed Agnes
 28792 | Elf:2    | Reached XP level 19. HP: 174/204 MP: 18/18
 29027 | Elf:2    | Reached skill level 15 in Shields
 29343 | Elf:3    | Entered Level 3 of the Elven Halls
 29343 | Elf:3    | Found Joet's Distillery.
 29370 | Elf:3    | Received a gift from Trog
 30047 | Elf:3    | Reached skill level 15 in Armour
 30070 | Elf:3    | Identified the +9 war axe of Innocence {freeze, rC++ Int-3}
 30115 | Elf:3    | Received a gift from Trog
 30258 | Elf:3    | Identified the orb of the Monkey {mayhem, -Tele rPois Ice}
 30271 | Elf:3    | Noticed a Brimstone Fiend
 30611 | Elf:3    | Identified the staff "Utoil" {rF+ rCorr Tloc Fire Earth}
 30636 | Elf:3    | Identified the +7 chain mail "Xoedd" {*Slow rN++ Dex+2}
 30660 | Elf:3    | Identified the staff "Nischaic" {^Contam rPois rF+ SInv
                  | Necro Fire}
 30726 | Elf:3    | Identified the amulet of Moral Flaws {Spirit rCorr Str+3}
 30728 | Elf:3    | Identified the +1 leather armour of the Barnacle {SInv}
 30731 | Elf:3    | Found the +11 Singing Sword {sonic wave}
 30742 | Elf:3    | Identified the amulet of Wypragec {Faith +Inv rElec Regen+}
 30985 | Vaults:1 | Entered Level 1 of the Vaults
 30990 | Vaults:1 | Received a gift from Trog
 31188 | Vaults:1 | Identified the +0 chain mail of Rutriom {^Drain Fly rC++
                  | rCorr}
 31552 | Vaults:1 | Noticed Boris
 31556 | Vaults:1 | Killed Boris
 31557 | Vaults:1 | Reached skill level 27 in Fighting
 31862 | Vaults:1 | Found a runed translucent gate.
 31862 | Vaults:1 | Found a runed translucent gate.
 31864 | Vaults:1 | Found an opulent altar of Gozag.
 31864 | Vaults:1 | Found a runed translucent gate.
 31867 | Vaults:1 | Noticed unrecovered's ghost (adept BaSh)
 31901 | Vaults:1 | Reached XP level 20. HP: 214/216 MP: 19/19
 32004 | Vaults:1 | Found Abepren's Magic Scroll Boutique.
 32012 | Vaults:1 | Bought a scroll of enchant armour for 142 gold pieces
 32432 | Vaults:2 | Received a gift from Trog
 33462 | Vaults:3 | Noticed Boris
 33468 | Vaults:3 | Killed Boris
 33494 | Vaults:3 | Received a gift from Trog
 33494 | Vaults:3 | Identified the amulet of Woetsaon {Spirit Harm rElec rN++
                  | Will+}
 33625 | Vaults:3 | Found a portal to a secret trove of treasure.
 33701 | Vaults:3 | Found a staircase to the Crypt.
 34359 | Vaults:4 | Found Xukoank's Weapon Shoppe.
 34469 | Vaults:4 | Noticed Boris
 34476 | Vaults:4 | Killed Boris
 34498 | Vaults:4 | Received a gift from Trog
 34748 | Vaults:4 | Reached XP level 21. HP: 224/224 MP: 20/20
 34815 | Vaults:4 | Received a gift from Trog
 35484 | Vaults:5 | Entered Level 5 of the Vaults
 35519 | Vaults:5 | Received a gift from Trog
 35669 | Vaults:5 | Noticed a golden dragon
 35694 | Vaults:5 | Killed a golden dragon
 35764 | Vaults:5 | Received a gift from Trog
 35838 | Vaults:5 | Identified the +4 short sword "Jycahu" {freeze, rElec
                  | Will+}
 35973 | Vaults:5 | Noticed a golden dragon
 36040 | Vaults:5 | Killed a golden dragon
 36067 | Vaults:5 | Reached XP level 22. HP: 224/233 MP: 21/21
 36152 | Vaults:5 | Identified the ring of the Jackalope {rPois Will- rCorr
                  | Dex+3 Slay+6}
 36158 | Vaults:5 | Identified the +8 demon whip of Henotheism {flame, rElec
                  | Str+6 Int-4} (Trog gifted it to you on level 5 of the
                  | Vaults)
 36158 | Vaults:5 | Received a gift from Trog
 36182 | Vaults:5 | Identified the +2 rapier of Youthful Indiscretion {protect,
                  | Dex+4}
 36322 | Vaults:5 | Found the +15 Maxwell's patent armour {-Cast -Tele rElec
                  | Will+ rCorr}
 36338 | Vaults:5 | Got a silver rune of Zot
 36346 | Vaults:5 | Reached skill level 27 in Axes
 36473 | Vaults:3 | You paid a toll of a +8 demon whip to enter a treasure
                  | trove
 36474 | Trove    | Entered a treasure trove
 36481 | Trove    | Identified the +0 plate armour of Demons {rElec rF+}
 36490 | Trove    | Identified the ring of Itarph {rF+ MP+9 Str+3 Slay-2}
 36644 | Depths:1 | Entered Level 1 of the Depths
 36698 | Depths:1 | Found a one-way gateway to a ziggurat.
 36798 | Depths:1 | Received a gift from Trog
 36839 | Depths:1 | Noticed Boris
 36840 | Depths:1 | Found a white marble altar of Elyvilon.
 36849 | Depths:1 | Killed Boris
 37042 | Depths:1 | Noticed Norris
 37050 | Depths:1 | Killed Norris
 37110 | Depths:1 | Found a gateway to Hell.
 37244 | Depths:1 | You fall into a shaft and drop 1 floor!
 37563 | Depths:2 | Identified the +8 orcbow of Ethereal Tenacity {speed, rElec
                  | rPois Stlth-}
 37714 | Depths:2 | Received a gift from Trog
 37798 | Depths:2 | Found a one-way gate leading to the halls of Pandemonium.
 38077 | Depths:2 | Reached skill level 1 in Evocations
 38085 | Depths:2 | Gained mutation: You are partially covered in large bone
                  | plates. (SH +4) [mutagenic glow]
 38094 | Depths:2 | Gained mutation: You sometimes lose your temper in combat.
                  | [mutagenic glow]
 38196 | Depths:2 | Received a gift from Trog
 38230 | Depths:2 | Identified the +1 scimitar of Bodily Harmony {freeze,
                  | rPois}
 38266 | Depths:2 | Found Laott's Distillery.
 38282 | Depths:2 | Bought a potion of might for 72 gold pieces
 38282 | Depths:2 | Bought a potion of resistance for 180 gold pieces
 38282 | Depths:2 | Bought a potion of haste for 180 gold pieces
 38282 | Depths:2 | Bought a potion of might for 72 gold pieces
 38421 | Depths:2 | Lost mutation: You sometimes lose your temper in combat.
                  | [potion of mutation]
 38421 | Depths:2 | Lost mutation: You are partially covered in large bone
                  | plates. (SH +4) [potion of mutation]
 38421 | Depths:2 | Gained mutation: You have supernaturally acute eyesight.
                  | (SInv) [potion of mutation]
 38421 | Depths:2 | Gained mutation: You are agile. (Dex +4, Str/Int -1)
                  | [potion of mutation]
 38629 | Depths:3 | Identified the orb "Yckitz" {*channel, rF+ rC+++ SInv
                  | Stlth-}
 38629 | Depths:3 | Noticed Frederick
 38636 | Depths:3 | Reached XP level 23. HP: 232/240 MP: 22/22
 38641 | Depths:3 | Killed Frederick
 38647 | Depths:3 | Noticed Boris
 38658 | Depths:3 | Killed Boris
 38660 | Depths:3 | Identified the ring "Ilor" {rF+ Dex+6}
 38869 | Depths:3 | Noticed a juggernaut
 38874 | Depths:3 | Identified the +10 quarterstaff "Cenu" {heavy, rPois Str+3}
 38883 | Depths:3 | Killed a juggernaut
 39037 | Depths:3 | Identified the +8 ring mail "Ithot" {Str+2 Int+3}
 39053 | Depths:3 | Identified the +8 trident of Peace {flame, MP-9 Str+5}
                  | (Trog gifted it to you on level 3 of the Depths)
 39053 | Depths:3 | Received a gift from Trog
 39105 | Depths:3 | Found a shimmering blue altar of Sif Muna.
 39497 | Depths:3 | Found a one-way gate to the infinite horrors of the Abyss.
 39526 | Depths:4 | Entered Level 4 of the Depths
 39948 | Depths:4 | Found a stormy altar of Qazlal.
 39956 | Depths:4 | Found a flickering gateway to a bazaar.
 39962 | Bazaar   | Entered a bazaar
 39976 | Bazaar   | Found Jegeeg's Magic Scroll Shoppe.
 39976 | Bazaar   | Found Ysoar's Magic Scroll Emporium.
 39997 | Bazaar   | Found Petaoxzu's Weapon Shoppe.
 40013 | Bazaar   | Found Ema Cak's Antique Weapon Shoppe.
 40013 | Bazaar   | Found Imiddok's Antique Armour Emporium.
 40055 | Bazaar   | Bought an embroidered scarf for 264 gold pieces
 40128 | Bazaar   | Bought a scroll of enchant armour for 105 gold pieces
 40128 | Bazaar   | Bought a scroll of enchant armour for 105 gold pieces
 40128 | Bazaar   | Bought a scroll of enchant armour for 105 gold pieces
 40141 | Bazaar   | Bought a scroll of summoning for 104 gold pieces
 40141 | Bazaar   | Bought a scroll of summoning for 104 gold pieces
 40184 | Depths:4 | Reached skill level 5 in Evocations
 40362 | Depths:4 | Received a gift from Trog
 40807 | Depths:4 | Found a gate to the Realm of Zot.
 40839 | Depths:4 | Reached XP level 24. HP: 191/249 MP: 22/22
 41185 | Depths:4 | Identified the +9 dagger of Inflation {flame, Dex+3} (Trog
                  | gifted it to you on level 4 of the Depths)
 41185 | Depths:4 | Received a gift from Trog
 41226 | Depths:4 | Identified the +6 plate armour "Qeuxiz" {Will+ rCorr Dex+5}
 41284 | Zot:1    | Entered Level 1 of the Realm of Zot
 41291 | Zot:1    | Found a transporter.
 41292 | Zot:1    | Found a transporter.
 41399 | Zot:1    | Noticed a shard shrike
 41402 | Zot:1    | Noticed an orb of fire
 41419 | Zot:1    | Killed an orb of fire
 41468 | Zot:1    | Killed a shard shrike
 41776 | Zot:1    | Noticed a Killer Klown
 41782 | Zot:1    | Noticed a Killer Klown
 41783 | Zot:1    | Noticed an ancient lich
 41831 | Zot:2    | Noticed Vv
 41868 | Zot:2    | Killed Vv
 42023 | Zot:2    | Received a gift from Trog
 42487 | Zot:2    | You fall into a shaft and drop 2 floors!
 43176 | Zot:3    | Acquired the scarf of the Fisher {shadows, Harm rN+ rCorr
                  | Slay+2}
 43242 | Zot:3    | Reached XP level 25. HP: 232/257 MP: 22/22
 43690 | Zot:4    | Found a sparkling altar of Nemelex Xobeh.
 43699 | Zot:4    | Reached skill level 27 in Armour
 44055 | Zot:4    | Found an opulent altar of Gozag.
 44484 | Zot:4    | Found a glowing silver altar of Zin.
 44696 | Zot:5    | Entered Level 5 of the Realm of Zot
 44824 | Zot:5    | Noticed an ancient lich
 44826 | Zot:5    | Noticed a dread lich
 44828 | Zot:5    | Killed an ancient lich
 44832 | Zot:5    | Killed a dread lich
 44837 | Zot:5    | Noticed an orb of fire
 44840 | Zot:5    | Noticed an orb of fire
 44841 | Zot:5    | Noticed an orb of fire
 44856 | Zot:5    | Noticed an orb of fire
 44856 | Zot:5    | Noticed an orb of fire
 44858 | Zot:5    | Lost mutation: You are agile. (Dex +4, Str/Int -1) [an orb
                  | of fire]
 44874 | Zot:5    | Gained mutation: You are dopey. (Int -2) [an orb of fire]
 45097 | Zot:5    | Gained mutation: Potions are less effective at restoring
                  | your health. [an orb of fire]
 45104 | Zot:4    | Killed an orb of fire
 45107 | Zot:4    | Killed an orb of fire
 45344 | Zot:5    | Gained mutation: Armour fits poorly on your strangely
                  | shaped body. [an orb of fire]
 45349 | Zot:5    | Gained mutation: You have hidden genetic defects. [an orb
                  | of fire]
 45351 | Zot:5    | Killed an orb of fire
 45353 | Zot:5    | Killed an orb of fire
 45356 | Zot:5    | Gained mutation: You are frail. (-10% HP) [an orb of fire]
 45361 | Zot:4    | Lost mutation: You are dopey. (Int -2) [potion of mutation]
 45361 | Zot:4    | Lost mutation: You are frail. (-10% HP) [potion of
                  | mutation]
 45361 | Zot:4    | Gained mutation: You have an increased reservoir of magic.
                  | (+10% MP) [potion of mutation]
 45361 | Zot:4    | Lost mutation: You have an increased reservoir of magic.
                  | (+10% MP) [potion of mutation]
 45361 | Zot:4    | Gained mutation: You are clumsy. (Dex -2) [potion of
                  | mutation]
 45361 | Zot:4    | Gained mutation: You have a somewhat thin skeletal
                  | structure. (Dex +2, Stealth+) [potion of mutation]
 45362 | Zot:4    | Lost mutation: You have hidden genetic defects. [potion of
                  | mutation]
 45362 | Zot:4    | Lost mutation: You are clumsy. (Dex -2) [potion of
                  | mutation]
 45362 | Zot:4    | Lost mutation: You have a somewhat thin skeletal structure.
                  | (Dex +2, Stealth+) [potion of mutation]
 45362 | Zot:4    | Lost mutation: Potions are less effective at restoring your
                  | health. [potion of mutation]
 45362 | Zot:4    | Gained mutation: You have sharp toenails. [potion of
                  | mutation]
 45362 | Zot:4    | Gained mutation: You expend magic power (3 MP) to
                  | strengthen your wands. [potion of mutation]
 45363 | Zot:4    | Lost mutation: You have supernaturally acute eyesight.
                  | (SInv) [potion of mutation]
 45363 | Zot:4    | Lost mutation: Armour fits poorly on your strangely shaped
                  | body. [potion of mutation]
 45363 | Zot:4    | Gained mutation: You are agile. (Dex +4, Str/Int -1)
                  | [potion of mutation]
 45363 | Zot:4    | Gained mutation: You are partially covered in iridescent
                  | scales. (AC +2) [potion of mutation]
 45529 | Zot:5    | Killed an orb of fire
 45567 | Zot:5    | Noticed a Killer Klown
 45577 | Zot:5    | Killed a Killer Klown
 45583 | Zot:5    | Noticed a Killer Klown
 45588 | Zot:5    | Killed a Killer Klown
 45668 | Zot:5    | Noticed an orb of fire
 45669 | Zot:5    | Noticed an orb of fire
 45670 | Zot:5    | Gained mutation: You occasionally shout uncontrollably at
                  | your foes. [an orb of fire]
 45674 | Zot:5    | Gained mutation: You are very agile. (Dex +8, Str/Int -2)
                  | [an orb of fire]
 45680 | Zot:5    | Gained mutation: You occasionally lose the ability to drink
                  | potions when taking damage. [an orb of fire]
 45681 | Zot:5    | Gained mutation: You are weak. (Str -2) [an orb of fire]
 45682 | Zot:5    | Gained mutation: You are robust. (+10% HP) [an orb of fire]
 45683 | Zot:5    | Gained mutation: You sometimes lose your temper in combat.
                  | [an orb of fire]
 45687 | Zot:5    | Killed an orb of fire
 45692 | Zot:5    | Killed an orb of fire
 45761 | Zot:5    | Noticed an orb of fire
 45811 | Zot:5    | Lost mutation: You are robust. (+10% HP) [an orb of fire]
 45812 | Zot:5    | Gained mutation: Your body sometimes deteriorates upon
                  | taking damage. [an orb of fire]
 45813 | Zot:5    | Gained mutation: You have an uncontrollable temper. [an orb
                  | of fire]
 45814 | Zot:5    | Gained mutation: You are frail. (-10% HP) [an orb of fire]
 45816 | Zot:5    | Killed an orb of fire
 45835 | Zot:5    | Noticed an orb of fire
 45835 | Zot:5    | Noticed an orb of fire
 45836 | Zot:5    | Gained mutation: You are very weak. (Str -4) [an orb of
                  | fire]
 45837 | Zot:5    | Gained mutation: Armour fits poorly on your strangely
                  | shaped body. [an orb of fire]
 45842 | Zot:5    | Lost mutation: You have an uncontrollable temper. [an orb
                  | of fire]
 45844 | Zot:5    | Killed an orb of fire
 45848 | Zot:5    | Noticed a Killer Klown
 45849 | Zot:5    | Killed an orb of fire
 45864 | Zot:5    | Killed a Killer Klown
 45946 | Zot:5    | Reached XP level 26. HP: 239/239 MP: 16/22
 45953 | Zot:5    | Noticed an orb of fire
 45957 | Zot:5    | Lost mutation: You are frail. (-10% HP) [an orb of fire]
 45961 | Zot:5    | Killed an orb of fire
 46036 | Zot:5    | Got the Orb of Zot
 46184 | Zot:1    | Noticed SnakkuSnakku7's ghost (adept DsAl)
 46387 | D:12     | Noticed Maurice
 46388 | D:12     | Killed Maurice
 46451 | D:10     | Noticed Lutuwaod the pandemonium lord
 46467 | D:9      | Noticed Ynab the pandemonium lord
 46662 | D:$      | Escaped with the Orb!

Illustrated notes

Levels and vault maps discovered:
D:1:      spicycebolla_arrival_ecumenical, layout_loops_corners, serial_shops,
          shop, corexii_leaking_fountain, st_stairs_5
D:2:      layout_basic
D:3:      layout_basic, kennysheep_jessica_study
D:4:      layout_loops_corners, mainiacjoe_overflow_concentric_impassable,
          minmay_manual_maat, uniq_ijyb, uniq_grinder
D:5:      layout_cave_pools, lemuel_round_altar, minmay_temple_entry_arrows,
          serial_undead, serial_undead_c, serial_undead_e, serial_undead_e,
          serial_undead_a, serial_undead_f, serial_undead_d
D:6:      layout_basic, serial_shops,
          nicolae_shop_temple_entry_statues_fountains, lightli_orcish_oven,
          uniq_duvessa
D:7:      layout_basic, mainiacjoe_overflow_surrounded_room
D:8:      layout_rooms, mainiacjoe_overflow_24_doors,
          nicolae_dithmenos_the_darkroom, st_stairs_6
D:9:      layout_grid_maze, nemelex_spade_bored_becter, nicolae_shop_fire_sale
          [nicolae_sub_dead_trees], minivault_16, minmay_between
D:10:     layout_cave_pools, grunt_temple_overflow_open, kennysheep_mini,
          serial_shops, nicolae_shop_real_fake_doors, serial_gnoll_camp,
          gnoll_camp_huts_moat, gnoll_camp_mini_house, gnoll_camp_mini_shop,
          gnoll_camp_medium_02, enter_bailey_4, small_statue_alley_a
D:11:     layout_stronghold, lair_entry_dummy, gauntlet_entry_generic,
          minmay_hedge_maze, uniq_psyche
D:12:     layout_roguey, orc_david_3, uniq_fannar, uniq_maurice, uniq_lodul,
          uniq_jorgrun
D:13:     layout_layer_cave, hangedman_decor_opposing, uniq_urug
D:14:     layout_irregular_city, lightli_vaults_fourway_checkpoint,
          serial_column_ruins, column_ruins_hut_ruined, column_ruins_open_tiny,
          column_ruins_grid_3, column_ruins_grid_1, column_ruins_open_large,
          column_ruins_open_medium, chequers_hall_statues_corner_a
D:15:     hangedman_depths_entry_try_elsewhere_first, layout_basic,
          serial_park_tiny_2
Lair:1:   layout_small_grid
Lair:2:   layout_chaotic_city, nicolae_swamp_entry_splash_gauntlet,
          guppyfry_snake_entry_garden
Lair:3:   layout_cave_shapes, serial_bayou_shore_a
Lair:4:   layout_layer_cave, gammafunk_ghost_cemetery
Lair:5:   minmay_lair_end_enchanted_forest, layout_gridlike,
          minmay_slime_entry_pillars, grunt_megastairs_4
Swamp:1:  layout_basic_swamp, evilmike_swamp_ruin_house_2
Swamp:2:  layout_basic_swamp, gammafunk_ghost_grave, nicolae_swamp_tree_isthmus,
          swamp_pool_3
Swamp:3:  layout_basic_swamp, evilmike_swamp_ruin_house_5,
          infiniplex_staircase_pool_2
Swamp:4:  grunt_swamp_rune_castle, layout_basic_swamp, swamp_pool_1_2,
          nicolae_swamp_nymph_family_reunion, infiniplex_staircase_pool
Snake:1:  layout_grid_maze, serial_shops, shop, shop, shop, st_stairs_7,
          serial_bayou_shore_b, minmay_shop_star
Snake:2:  layout_misc_corridors, nicolae_snake_horde_hoard, minmay_shop_grove,
          uniq_vashnia
Snake:3:  layout_cave_town, serial_shops, nicolae_diamond_shop
Snake:4:  snake_pit_salamanders_mu, layout_misc_corridors,
          nicolae_twisty_statue_hallways, grunt_megastairs_3
Orc:1:    layout_diamond_mine
Orc:2:    st_orc_elflike, layout_caves, serial_shops, shop,
          okawaru_metal_pillars_1_2
Elf:1:    eino_elf_arrival_altar, layout_loops_cross, serial_shops, shop,
          minivault_28, serial_sigils_hangedman_confine, nicolae_specific_store
Elf:2:    elven_hall_of_blades_hangedman_alternative [mumra_blade_entry_dagger],
          layout_geoelf_grid, serial_shops, nicolae_shop_advertising_works
          [nicolae_subvault_shop_adworks], corexii_hall_statues_u, uniq_agnes
Elf:3:    minmay_elf_hall_hex, layout_geoelf_octagon, serial_shops,
          nicolae_shop_statue_plus
Vaults:1: ebering_ghost_gozag, ontoclasm_vaults_gateway,
          nicolae_vaults_puzzle_piece, vaults_room_fancy_cross,
          nicolae_vaults_tetromino_T_2, v_pattern_2, vaults_mumra_hex,
          vaults_room_fours, vaults_dpeg_encased_lava,
          nicolae_vaults_murder_corner, layout_vaults_quadrants, serial_shops,
          nicolae_shop_temple_entry_statues_fountains, uniq_boris
Vaults:2: nicolae_vaults_tetromino_T_2, nicolae_vaults_ellipses_ellipsis,
          hangedman_vaults_stitches, ontoclasm_vaults_idyll,
          nicolae_vaults_stepped_doors, nicolae_vaults_twisting_passages,
          special_room_vaults [special_room_orc],
          nicolae_vaults_offset_grid_hallway_1, grunt_vaults_swirl,
          nicolae_vaults_little_squares_4, hangedman_vaults_trim,
          vaults_dpeg_emergency_exit, nicolae_vaults_storage_room_statues,
          layout_vaults_ring
Vaults:3: nicolae_vaults_disjoint_gnomons, nicolae_vaults_tetromino_L_1,
          nicolae_vaults_whirlpool_walls, v_misc_26,
          nicolae_vaults_tetromino_Z_2, v_misc_4, nicolae_vaults_sightless_eye,
          v_alt_pattern_4, minmay_crypt_entry_simple_statues,
          nicolae_vaults_what_the_h, vaults_room_corners, layout_vaults_omnibox,
          nicolae_trove_entry_free_sample
Vaults:4: nicolae_vaults_little_squares_5, ontoclasm_vaults_loading_screen,
          ontoclasm_vaults_ring_small, v_rooms_6, st_cells, v_misc_25,
          nicolae_vaults_big_ls, nicolae_vaults_mitosis, v_misc_18,
          hangedman_vaults_slice, v_alt_pattern_2, v_misc_19,
          nicolae_vaults_double_plus_1, layout_vaults_maze_snakey, serial_shops,
          nicolae_diamond_shop
Vaults:5
Depths:1: layout_gridville, enter_ziggurat_a, pf_hell_entry_great_geh,
          nrook_mini_vaults, elyvilon_altar_5, uniq_norris
Depths:2: kennysheep_oblong_rooms, layout_gridville, glass_columns_b,
          grunt_mini_vestibule, rand_demon_pan_entry_4, nicolae_stop_n_shop_2
Depths:3: minmay_cut_squares, layout_basic, hangedman_coc_ice_floe, abyss_entry,
          nicolae_sif_muna_condensation, uniq_frederick
Depths:4: lemuel_castle_with_subvaults [lemuel_castle_interior_carwin_2],
          layout_cave_pools, nicolae_qazlal_scattered_showers, serial_shops,
          bzr_entry_safe, pf_hell_entry_tar_river, water_maze_lemuel
Zot:1:    layout_misc_corridors, gammafunk_ghost_abyssal_escape,
          hangedman_elemental_grid_stream
Zot:2:    nicolae_zot_stationary_front, layout_basic, uniq_vv
Zot:3:    layout_misc_corridors
Zot:4:    layout_basic, regret_index_zotdec_icy_dp, hangedman_feature_mirror
Zot:5:    layout_gridlike, regret_index_zotdec_slimy_original, st_stairs_1,
          lemuel_baited_zot_trap, grunt_ministairs_8

Skill      XL: |  1  2  3  4  5  6  7  8  9 10 11 12 13 14 15 16 17 18 19 20 21 22 23 24 25 26 |
---------------+-------------------------------------------------------------------------------+-----
Axes           | 4 5 6 7 9 10 12 14 17 19 20 23 26 27 | 27.0
Fighting       | 4 5 7 10 11 12 14 15 17 22 24 25 27 | 27.0
Maces & Flails | 8 10 11 | 11.4
Shields        | 4 6 8 10 11 12 14 16 17 19 20 24 25 | 25.7
Armour         | 4 5 10 12 14 16 17 18 21 23 26 27 | 27.0
Dodging        | 4 7 10 12 13 14 15 16 17 18 | 18.4
Evocations     | 2 7 8 |  8.0

Action                     |  1- 3 |  4- 6 |  7- 9 | 10-12 | 13-15 | 16-18 | 19-21 | 22-24 | 25-27 || total
---------------------------+-------+-------+-------+-------+-------+-------+-------+-------+-------++-------
  Melee: Hand axe          |    93 |    65 |       |       |       |       |       |       |       ||   158
         Headbutt          |     9 |    15 |    81 |   112 |   261 |   208 |   256 |   330 |    94 ||  1366
         Club              |       |    12 |   400 |    24 |       |       |       |       |       ||   436
         Punch             |       |     1 |     7 |       |       |       |       |       |       ||     8
         Battleaxe         |       |       |       |   248 |       |       |       |       |       ||   248
         Eveningstar       |       |       |       |   313 |   963 |   117 |       |       |       ||  1393
         Unarmed           |       |       |       |     1 |       |       |       |       |       ||     1
         Dire flail        |       |       |       |     5 |   144 |       |       |       |       ||   149
         Broad axe         |       |       |       |       |       |   725 |   850 |   972 |   277 ||  2824
 Invoke: Berserk           |       |     3 |     4 |     8 |     7 |       |     4 |     5 |     3 ||    34
         Trog's Hand       |       |       |     3 |    10 |    15 |    12 |    29 |    31 |    22 ||   122
         Brothers in Arms  |       |       |       |       |     2 |     3 |     5 |     4 |       ||    14
  Evoke: Wand              |       |       |       |     1 |       |       |       |     1 |     9 ||    11
    Use: Scroll            |       |       |     5 |     8 |    25 |     5 |    16 |    14 |     4 ||    77
         Potion            |       |       |       |       |     1 |     1 |     7 |     6 |    27 ||    42
   Stab: Sleeping          |       |     2 |       |       |       |       |       |       |       ||     2
         Distracted        |       |       |     3 |     1 |       |    15 |    18 |    18 |     8 ||    63
 Armour: Animal skin       |    52 |    27 |    16 |       |       |       |       |       |       ||    95
         Chain mail        |       |       |   308 |    35 |       |       |   169 |   174 |       ||   686
         Plate armour      |       |       |       |   571 |  1115 |   377 |   138 |   144 |       ||  2345
         Skin              |       |       |       |     6 |       |       |       |       |       ||     6
         Gold dragon scale |       |       |       |       |       |       |       |    56 |   115 ||   171
  Dodge: Dodged            |    56 |    42 |   180 |   470 |   889 |   349 |   277 |   281 |    55 ||  2599
         Repelled          |       |       |       |       |       |       |       |    20 |       ||    20
  Block: Kite shield       |       |       |       |   199 |   628 |   221 |       |       |       ||  1048
         Tower shield      |       |       |       |       |       |   411 |   755 |   992 |   185 ||  2343
